 Dungeon Crawl Stone Soup version 0.24-a0-520-g8fd06ad0bc (webtiles) character file.

Game seed: 12687713961689752459

2785 Eitelfritz the Covert (level 10, 0/53 HPs)
             Began as a Kobold Enchanter on July 27, 2019.
             Was a Believer of Uskayaw.
             Slain by a worker ant (4 damage)
             ... on level 7 of the Dungeon.
             The game lasted 00:40:53 (10927 turns).

Eitelfritz the Covert (Kobold Enchanter)           Turns: 10927, Time: 00:40:54

Health: 0/53       AC:  6    Str:  8    XL:     10   Next: 1%
Magic:  3/18       EV: 18    Int: 17    God:    Uskayaw [**....]
Gold:   330        SH:  0    Dex: 16    Spells: 8/20 levels left

rFire    + . .     SeeInvis .   a - +2 dagger
rCold    . . .     Gourm    .   (shield restricted)
rNeg     . . .     Faith    .   s - +0 robe {rF+}
rPois    .         Spirit   .   o - +0 helmet
rElec    .         Reflect  .   p - +0 cloak
rCorr    .         Harm     .   (no gloves)
MR       +....                  r - +1 pair of boots
Stlth    ++++......             (no amulet)
HPRegen  0.17/turn              c - ring of protection from magic
MPRegen  0.16/turn              z - ring of wizardry

@: lethally poisoned (0 -> -14), about to teleport
A: small, carnivore
a: Stomp, Line Pass, Renounce Religion


You were on level 7 of the Dungeon.
You worshipped Uskayaw.
Uskayaw was noncommittal.
You were completely stuffed.

You visited 2 branches of the dungeon, and saw 8 of its levels.

You collected 330 gold pieces.

Inventory:

Hand Weapons
 a - a +2 dagger (weapon)
Missiles
 e - 49 sling bullets
 i - a throwing net
 l - 248 stones
 q - 90 poisoned darts (quivered)
Armour
 n - a +0 leather armour
 o - a +0 helmet (worn)
 p - a +0 cloak (worn)
 r - a +1 pair of boots (worn)
 s - a +0 robe of fire resistance (worn)
Jewellery
 c - a ring of protection from magic (left hand)
 z - a ring of wizardry (right hand)
 A - an uncursed ring of ice
 J - an uncursed ring of fire {unknown}
Wands
 u - a wand of acid (7)
 w - a wand of enslavement (8)
 B - a wand of flame (12)
 F - a wand of paralysis (11)
 H - a wand of random effects (11)
Scrolls
 b - a scroll of remove curse
 g - 3 scrolls of immolation
 h - a scroll of enchant weapon
 v - 2 scrolls of teleportation
 y - a scroll of enchant armour
 D - a scroll of blinking
Potions
 f - a potion of might
 j - a potion of agility
 k - 2 potions of mutation
 m - 2 potions of invisibility
 t - 2 potions of brilliance
 C - a potion of magic
 E - a potion of flight {unknown}
 G - 2 potions of lignification {unknown}
Comestibles
 d - 10 rations
 I - 3 chunks of flesh


   Skills:
 + Level 2.3 Fighting
 + Level 5.1 Short Blades
 + Level 5.0 Dodging
 + Level 10.1 Stealth
 + Level 5.7 Spellcasting
 + Level 5.7 Hexes
 + Level 3.3 Ice Magic
 * Level 2.2 Invocations
 - Level 5.1 Evocations


You had 8 spell levels left.
You knew the following spells:

 Your Spells              Type           Power        Failure   Level  Hunger
a - Corona                Hex            ###....      1%          1    None
b - Ensorcelled Hibernat  Hex/Ice        ###...       1%          2    #......
c - Confuse               Hex            ###.....     1%          3    ##.....
d - Tukima's Dance        Hex            ###.....     1%          3    ##.....
e - Dazzling Spray        Conj/Hex       ##....       4%          3    ##.....

Your spell library contained the following spells:

 Spells                   Type           Power        Failure   Level  Hunger
 Leda's Liquefaction      Hex/Erth       ##........   16%         4    ####...
 Bolt of Magma            Conj/Fire/Erth #.........   78%         5    ######.
 Iron Shot                Conj/Erth      #.........   100%        6    #######
 Statue Form              Tmut/Erth      #........    100%        6    #######
 Shatter                  Erth           #.........   100%        9    #######


Dungeon Overview and Level Annotations

Branches:
Dungeon (7/15)             Temple (1/1) D:4

Altars:
Ashenzari
Cheibriados
Dithmenos
Elyvilon
Fedhas
Gozag
Hepliaklqana
Kikubaaqudgha
Makhleb
Nemelex Xobeh
Qazlal
Ru
Sif Muna
Trog
Uskayaw
Vehumet
Wu Jian
Xom
Yredelemnul
The Shining One

Shops:
D:5 }

Annotations:
D:4 1 runed translucent door


Innate Abilities, Weirdness & Mutations

You are small and have problems with some larger weapons.
You are carnivorous and can eat meat at any time.


Message History

* * * LOW HITPOINT WARNING * * *
You feel much better.
You feel sick.
The killer bee stings you but does no damage.
A worker ant comes into view.
The killer bee stings you.
You are more poisoned.
The killer bee poisons you! The hippogriff closely misses you.
The hippogriff pecks you. The hippogriff barely misses you.
You closely miss the hippogriff.
The hippogriff is heavily wounded.
You feel sick. The killer bee barely misses you. The hippogriff bites you!
* * * LOW HITPOINT WARNING * * *
The hippogriff pecks you.
* * * LOW HITPOINT WARNING * * *
The hippogriff misses you. The killer bee barely misses you.
As you read the scroll of teleportation, it crumbles to dust.
You feel strangely unstable.
* * * LOW HITPOINT WARNING * * *
You feel sick. The killer bee misses you. The worker ant bites you.
You die...

######.##.....#######
...................>#
######........##....#
#........##....#
#.......y.#....#
##...####.#....#
##### #.#....#
######.#.a..#
'......yH@y..#
#######.###..# ....
a... #.#.. ####
#.#... # ####


You could see a hippogriff, 2 worker ants and 2 killer bees.

Vanquished Creatures
  Joseph (D:7)
  The ghost of Peloso the Covered, an amateur MiFi (D:4)
  Menkaure (D:5)
  Edmund (D:5)
  The ghost of Mithandil the Conjurer, an amateur DECj (D:4)
  2 orc warriors
  2 sky beasts (D:6)
  2 centaurs (D:6)
  An ogre (D:6)
  A big kobold (D:4)
  2 bullfrogs
  A scorpion (D:6)
  2 killer bees (D:7)
  A howler monkey (D:4)
  2 crimson imps
  A bullfrog zombie (D:6)
  2 hounds
  3 jellies
  3 orc priests
  A centaur skeleton (D:4)
  Crazy Yiuf (D:5)
  2 iguanas (D:6)
  4 worker ants
  6 orc wizards
  13 adders
  4 gnolls
  A howler monkey skeleton (D:6)
  A shadow imp (D:7)
  An ooze (D:4)
  An adder skeleton (D:5)
  4 worms
  3 dart slugs (D:1)
  6 leopard geckos
  22 orcs
  4 giant cockroaches
  8 goblins
  6 hobgoblins
  4 jackals (D:2)
  2 quokkas (D:3)
  A ball python (D:2)
  3 bats
  4 frilled lizards
  A jackal skeleton (D:6)
  A jackal zombie (D:5)
  14 kobolds
  5 rats
153 creatures vanquished.

Vanquished Creatures (collateral kills)
  An orc (D:6)
1 creature vanquished.

Vanquished Creatures (others)
  A dancing weapon (D:6)
  4 plants (D:3)
5 creatures vanquished.

Grand Total: 159 creatures vanquished

Notes
Turn   | Place    | Note
-------+----------+-------------------------------------------
     0 | D:1      | Eitelfritz the Kobold Enchanter began the quest for the
                  | Orb.
     0 | D:1      | Reached XP level 1. HP: 10/10 MP: 3/3
   487 | D:1      | Reached XP level 2. HP: 14/15 MP: 5/5
   491 | D:1      | Learned a level 2 spell: Ensorcelled Hibernation
   979 | D:1      | Reached XP level 3. HP: 18/20 MP: 0/6
  1084 | D:1      | Learned a level 3 spell: Confuse
  1627 | D:2      | Reached XP level 4. HP: 24/24 MP: 4/8
  1887 | D:2      | Reached skill level 5 in Stealth
  1887 | D:2      | Reached skill level 1 in Ice Magic
  2120 | D:2      | Found a sparkling altar of Nemelex Xobeh.
  2995 | D:2      | Reached XP level 5. HP: 19/28 MP: 1/9
  3937 | D:3      | Found a runed translucent gate.
  3937 | D:3      | Found a runed translucent gate.
  3937 | D:3      | Found a runed translucent gate.
  3938 | D:3      | Noticed a big kobold
  3939 | D:3      | Noticed Peloso's ghost (amateur MiFi)
  3955 | D:3      | Reached XP level 6. HP: 33/33 MP: 7/10
  3966 | D:3      | Reached skill level 6 in Stealth
  4336 | D:3      | Found a basalt altar of Yredelemnul.
  4429 | D:3      | Learned a level 3 spell: Tukima's Dance
  4789 | D:4      | Found a runed translucent door.
  4820 | D:4      | Noticed Mithandil's ghost (amateur DECj)
  5565 | D:4      | Reached XP level 7. HP: 37/37 MP: 9/12
  5617 | D:4      | Found a stormy altar of Qazlal.
  5620 | D:4      | Reached skill level 7 in Stealth
  5674 | D:4      | Found a runed translucent door.
  5741 | D:4      | Found a staircase to the Ecumenical Temple.
  5750 | Temple   | Entered the Ecumenical Temple
  5898 | D:5      | Entered Level 5 of the Dungeon
  5902 | D:5      | Reached skill level 1 in Fighting
  5902 | D:5      | Reached skill level 1 in Evocations
  6822 | D:5      | Noticed Menkaure
  6830 | D:5      | Killed Menkaure
  6830 | D:5      | Reached XP level 8. HP: 43/43 MP: 9/13
  6865 | D:5      | Found a blossoming altar of Fedhas.
  6996 | D:5      | Found a white marble altar of Elyvilon.
  6998 | D:5      | Found Ninan's Gadget Emporium.
  7093 | D:5      | Found a snail-covered altar of Cheibriados.
  7186 | D:5      | Found a runed translucent door.
  7187 | D:5      | Noticed Crazy Yiuf
  7307 | D:5      | Noticed Edmund
  7330 | D:5      | Reached skill level 8 in Stealth
  7447 | D:5      | Killed Edmund
  7615 | D:5      | Found a glowing golden altar of the Shining One.
  7721 | D:5      | Killed Crazy Yiuf
  7848 | D:4      | Found a deep blue altar of Sif Muna.
  7848 | D:4      | Found a hide-covered altar of Uskayaw.
  8014 | D:6      | Reached skill level 5 in Hexes
  8263 | D:6      | Reached skill level 9 in Stealth
  8300 | D:6      | Reached XP level 9. HP: 48/48 MP: 16/16
  8766 | D:6      | Identified the cursed +1 mace of the Evil Eye {crush, Str+8
                  | Dex-2}
  8773 | D:6      | Reached skill level 5 in Spellcasting
  9551 | D:4      | Became a worshipper of Uskayaw the Reveler
  9614 | D:4      | Reached * piety under Uskayaw
  9677 | D:4      | Killed Mithandil's ghost
  9979 | D:4      | Killed Peloso's ghost
  9979 | D:4      | Reached skill level 1 in Invocations
  9979 | D:4      | Reached ** piety under Uskayaw
 10434 | D:7      | Learned a level 3 spell: Dazzling Spray
 10439 | D:7      | Noticed Joseph
 10455 | D:7      | Killed Joseph
 10455 | D:7      | Reached skill level 5 in Short Blades
 10455 | D:7      | Reached skill level 5 in Evocations
 10767 | D:7      | Reached skill level 10 in Stealth
 10871 | D:7      | Reached skill level 5 in Dodging
 10888 | D:7      | Noticed a hippogriff
 10914 | D:7      | Reached XP level 10. HP: 26/53 MP: 7/18
 10927 | D:7      | Slain by a worker ant

Levels and vault maps discovered:
D:1:      dpeg_arrival_concentric_ovals, layout_basic
D:2:      layout_basic, lemuel_doored_altar
D:3:      layout_rooms, nicolae_overflow_crystal_walls,
          gammafunk_ghost_nasty_kobolds, minmay_splitting_lines
D:4:      layout_rooms, grunt_qazlal_sundering, nicolae_overflow_hidden_temple,
          minmay_temple_entry_enclosed_plants, ebering_ghost_sewer_f
D:5:      layout_cave_pools, lemuel_crystal_altar, cheibrodos_worm_habitat,
          nicolae_tso_swordbearing_angel, fedhas_altar_1, first_ration,
          serial_shops, shop, uniq_crazy_yiuf_cottage, uniq_menkaure,
          uniq_edmund
D:6:      layout_loops_ring, minmay_misc_feat_room
D:7:      layout_basic, serial_shops, shop, uniq_duvessa, uniq_joseph
Temple:   minmay_freezing_vapour_temple

Skill      XL: |  1  2  3  4  5  6  7  8  9 |
---------------+----------------------------+-----
Stealth        | 5 6 7 9 10 | 10.1
Ice Magic      | 1 2 3 |  3.3
Dodging        | 3 5 |  5.0
Spellcasting   | 3 4 5 |  5.7
Short Blades   | 2 3 4 5 |  5.1
Hexes          | 4 5 |  5.7
Fighting       | 1 2 |  2.3
Evocations     | 2 3 5 |  5.1
Invocations    | 2 |  2.2

Action                   |  1- 3 |  4- 6 |  7- 9 | 10-12 || total
-------------------------+-------+-------+-------+-------++-------
Melee: Dagger            |    68 |   196 |   413 |     7 ||   684
 Cast: Ensorcelled Hiber |    24 |    51 |    95 |     1 ||   171
       Tukima's Dance    |       |     2 |     4 |       ||     6
       Confuse           |       |       |    24 |       ||    24
Invok: Line Pass         |       |       |       |     1 ||     1
  Use: Potion            |     1 |     3 |     3 |     2 ||     9
       Scroll            |       |     7 |     8 |     1 ||    16
 Stab: Sleeping          |    16 |    36 |    48 |       ||   100
       Distracted        |       |     1 |     2 |       ||     3
       Confused          |       |       |     8 |     1 ||     9
  Eat: Chunk             |    12 |    13 |    25 |       ||    50
Armor: Robe              |     6 |    38 |    70 |     4 ||   118
Dodge: Dodged            |    33 |   151 |   319 |    23 ||   526

Table legend:
 A = Non-vault XP
 B = Vault XP
 C = Vault XP percentage of total XP
 D = Non-vault monster count
 E = Vault monster count
 F = Vault count percentage of total count
                 A         B        C        D         E       F
            +---------+---------+-------+---------+---------+-------
      Total |    2636 |    1343 |  33.8 |     136 |      18 |  11.7
            +---------+---------+-------+---------+---------+-------
        D:1 |      36 |       0 |   0.0 |      19 |       0 |   0.0
        D:2 |     159 |       0 |   0.0 |      30 |       0 |   0.0
        D:3 |     227 |       8 |   3.4 |      26 |       5 |  16.1
        D:4 |     336 |     473 |  58.5 |      21 |       8 |  27.6
        D:5 |     232 |     376 |  61.8 |       9 |       4 |  30.8
        D:6 |    1249 |       0 |   0.0 |      22 |       0 |   0.0
        D:7 |     397 |     486 |  55.0 |       9 |       1 |  10.0
            +---------+---------+-------+---------+---------+-------
